General information
- name: Local Game (lljkMata)
- type: Custom game
- host: lljkMata
- saver: lljkMata
map: TwistedMeadows
- players: 2
- length: 38:20
- speed: Fast
- version: 1.21 W3XP
- replay type: Public
» download(259 KB)
Players
team 1 (winner)
lljkMata (
green | 197 APM | 7541 actions | 38:20)
10 Warden
3 Shadow Strike
3 Blink
1 Spirit of Vengeance
3 Fan of Knives
5 Pandaren Brewmaster
3 Breath of Fire
2 Drunken Haze
» actions
| Assign group hotkey | 522 | |
| Basic commands | 38 | |
| Build / train | 95 | |
| ESC pressed | 9 | |
| Enter build submenu | 36 | |
| Enter hero's abilities submenu | 16 | |
| Give item / drop item | 2 | |
| Remove unit from queue | 2 | |
| Right click | 4031 | |
| Select / deselect | 1632 | |
| Select group hotkey | 854 | |
| Use ability | 303 | |
7541 total
» units
| Wisp | 33 | |
| Archer | 5 | |
| Huntress | 3 | |
| Dryad | 10 | |
| Druid of the Claw | 4 | |
55 total
» upgrades
| Abolish Magic | 1 | |
| Druid of the Claw Training | 2 | |
| Strength of the Wild | 1 | |
| Reinforced Hides | 1 | |
| Ultravision | 1 | |
| Nature's Blessing | 1 | |
7 total
» buildings
| Altar of Elders | 3 | |
| Moon Well | 10 | |
| Ancient of War | 2 | |
| Hunter's Hall | 2 | |
| Tree of Ages | 3 | |
| Ancient Protector | 9 | |
| Ancient of Lore | 2 | |
| Tree of Life | 5 | |
| Ancient of Wonders | 2 | |
| Tree of Eternity | 2 | |
40 total
» build order
00:04 Altar of Elders
00:06 Altar of Elders
00:17 Moon Well
00:59 Ancient of War
02:27 Moon Well
02:41 Hunter's Hall
02:46 Hunter's Hall
02:59 Ancient of War
03:16 Moon Well
04:08 Tree of Ages
06:36 Ancient Protector
06:57 Ancient of Lore
06:57 Ancient of Lore
07:45 Moon Well
07:50 Ancient Protector
11:27 Tree of Life
11:53 Ancient of Wonders
13:55 Moon Well
14:19 Ancient of Wonders
15:49 Moon Well
17:59 Tree of Eternity
17:59 Tree of Eternity
19:49 Ancient Protector
19:49 Ancient Protector
19:50 Ancient Protector
19:50 Ancient Protector
19:51 Ancient Protector
19:51 Ancient Protector
19:52 Ancient Protector
24:31 Tree of Life
30:10 Tree of Life
30:25 Moon Well
30:31 Moon Well
31:35 Tree of Life
31:53 Tree of Ages
31:53 Tree of Ages
32:19 Altar of Elders
33:49 Moon Well
35:03 Moon Well
36:06 Tree of Life
» items
| Staff of Teleportation | 2 | |
| Scroll of Healing | 1 | |
| Scroll of Town Portal | 1 | |
| Staff of Preservation | 1 | |
| Potion of Lesser Invulnerability | 1 | |
6 total
team 2 (loser)
Flayl (
red | 75 APM | 2888 actions | 38:20)
9 Dreadlord
3 Sleep
3 Vampiric Aura
2 Carrion Swarm
1 Inferno
» actions
| Assign group hotkey | 78 | |
| Basic commands | 188 | |
| Build / train | 119 | |
| Enter build submenu | 25 | |
| Enter hero's abilities submenu | 10 | |
| Give item / drop item | 1 | |
| Remove unit from queue | 6 | |
| Right click | 1410 | |
| Select / deselect | 565 | |
| Select group hotkey | 389 | |
| Use ability | 97 | |
2888 total
» units
| Acolyte | 20 | |
| Ghoul | 22 | |
| Abomination | 17 | |
| Meatwagon | 15 | |
| Gargoyle | 2 | |
76 total
» upgrades
| Unholy Strength | 2 | |
| Unholy Armor | 1 | |
| Ghoul Frenzy | 1 | |
| Destroyer Form | 1 | |
| Disease Cloud | 1 | |
| Cannibalize | 1 | |
| Exhume Corpses | 1 | |
8 total
» buildings
| Crypt | 3 | |
| Ziggurat | 9 | |
| Altar of Darkness | 1 | |
| Tomb of Relics | 1 | |
| Graveyard | 1 | |
| Halls of the Dead | 1 | |
| Necropolis | 3 | |
| Nerubian Tower | 2 | |
| Spirit Tower | 3 | |
| Black Citadel | 1 | |
| Slaughterhouse | 2 | |
27 total
» build order
00:08 Crypt
00:11 Ziggurat
00:33 Altar of Darkness
00:59 Ziggurat
01:24 Tomb of Relics
02:49 Graveyard
04:27 Halls of the Dead
04:51 Ziggurat
05:28 Ziggurat
05:34 Necropolis
05:44 Nerubian Tower
06:01 Ziggurat
06:21 Spirit Tower
06:36 Nerubian Tower
06:59 Spirit Tower
07:02 Crypt
07:05 Crypt
08:41 Black Citadel
09:23 Slaughterhouse
11:34 Slaughterhouse
11:59 Ziggurat
13:47 Spirit Tower
21:14 Necropolis
29:31 Necropolis
38:15 Ziggurat
38:17 Ziggurat
38:18 Ziggurat
» items
| Dust of Appearance | 1 | |
| Rod of Necromancy | 1 | |
| Sacrificial Skull | 1 | |
| Boots of Speed | 1 | |
| Scroll of Healing | 3 | |
| Orb of Corruption | 1 | |
| Potion of Healing | 2 | |
| Scroll of Town Portal | 3 | |
13 total
Chat log
(00:22 / All) lljkMata: too little lag almost ruined my build order
(00:25 / All) lljkMata: is it OK for you
(00:26 / All) Flayl: hahaha
(00:28 / All) Flayl: yeah i think
(00:39 / All) lljkMata: ok good luck have fun manner up impeach bu$h
(00:45 / All) Flayl: haha
(01:54 / All) Flayl: out
(07:22 / All) Flayl: wtf
(07:23 / All) Flayl: oops
(16:02 / All) lljkMata: GOD I suck at attacking ud baes
(16:13 / All) Flayl: god i suck at paying attention to where im oging
(26:40 / All) lljkMata: god you just play the gayest race
(37:02 / All) Flayl: is this it?
(38:19 / All) lljkMata: haha gg